 Dungeon Crawl Stone Soup version 0.24-a0-278-gefa1973 (webtiles) character file.

Game seed: 14453350568506444502

71 MisterFreud the Slasher (level 4, -1/31 HPs)
             Began as an Octopode Fighter on Apr 30, 2019.
             Killed from afar by Sigmund (12 damage)
             ... with a puff of flame
             ... on level 2 of the Dungeon.
             The game lasted 00:02:01 (820 turns).

MisterFreud the Slasher (Octopode Fighter)           Turns: 820, Time: 00:02:02

Health: -1/31      AC:  1    Str: 15    XL:     4   Next: 24%
Magic:  4/4        EV: 11    Int: 11    God:
Gold:   86         SH:  0    Dex: 11    Spells: 3/3 levels left

rFire    . . .     SeeInvis .   a - +1 long sword
rCold    . . .     Gourm    .   b - +0 shield
rNeg     . . .     Faith    .   (helmet restricted)
rPois    .         Spirit   .   (no amulet)
rElec    .         Reflect  .   (no ring)
rCorr    .         Harm     .   (no ring)
MR       .....                  (no ring)
Stlth    ++........             (no ring)
HPRegen  0.10/turn              (no ring)
MPRegen  0.09/turn              (no ring)
                                (no ring)
                                (no ring)

@: confused
A: almost no armour, stealthy swim, amphibious, 8 rings, constrict 8, camouflage
1, gelatinous body 1
a: no special abilities


You were on level 2 of the Dungeon.
You were not hungry.

You visited 1 branch of the dungeon, and saw 2 of its levels.

You collected 86 gold pieces.

Inventory:

Hand Weapons
 a - a +1 long sword (weapon)
Missiles
 m - 20 stones (quivered)
 n - 29 poisoned needles
Armour
 b - a +0 shield (worn)
Scrolls
 j - a scroll of remove curse
 l - 3 scrolls of teleportation
Potions
 c - a potion of might
 e - a potion of invisibility {unknown}
 f - a potion of lignification {unknown}
 i - 2 potions of agility
 k - a potion of curing {unknown}
 o - 2 potions of mutation {unknown}
Comestibles
 d - 4 rations
 g - 9 chunks of flesh


   Skills:
 - Level 3.0 Fighting
 + Level 4.4 Long Blades
 - Level 3.0 Dodging
 - Level 3.0 Shields


You had 3 spell levels left.
You didn't know any spells.
Your spell library was empty.

Dungeon Overview and Level Annotations

Branches:
Dungeon (2/15)

Altars:

Annotations:
D:2 Sigmund


Innate Abilities, Weirdness & Mutations

You cannot wear most types of armour.
You are very stealthy in the water. (Stealth+)
You are amphibious.
You can wear up to eight rings at the same time.
You can use your tentacles to constrict eight enemies at once.
Your skin changes colour to match your surroundings (Stealth+).
Your rubbery body absorbs attacks. (AC +1, EV +1)


Message History

Sigmund the Dreaded comes into view.
He is wielding a +0 scythe.
There is an open door here.
You see here a rat corpse.
Sigmund shouts!
Sigmund casts a spell.
Sigmund flickers and vanishes!
Deactivating autopickup; reactivate with Ctrl-A.
No target in view!
A puff of flame appears from out of thin air!
The puff of flame hits you!
You are confused.
You bump into the rock wall.
A magic dart appears from out of thin air!
The magic dart hits you!
You bump into the rock wall.
You bump into the rock wall.
You're too confused to move!
A puff of flame appears from out of thin air!
The puff of flame hits you!
You die...

#########
.......@#
#######.#
#.# #.#
#.# #.#
#.# #.#
#.#


There were no monsters in sight!

Vanquished Creatures
  Jessica (D:2)
  A gnoll (D:1)
  3 dart slugs
  3 giant cockroaches (D:1)
  4 hobgoblins
  4 bats
  A frilled lizard (D:1)
  5 goblins
  4 kobolds
  6 rats
32 creatures vanquished.

Notes
Turn   | Place    | Note
-------+----------+-------------------------------------------
     0 | D:1      | MisterFreud the Octopode Fighter began the quest for the
                  | Orb.
     0 | D:1      | Reached XP level 1. HP: 16/16 MP: 1/1
    90 | D:1      | Reached XP level 2. HP: 21/21 MP: 2/2
   159 | D:1      | Reached skill level 3 in Long Blades
   189 | D:1      | Reached XP level 3. HP: 18/26 MP: 3/3
   677 | D:2      | Noticed Jessica
   682 | D:2      | Killed Jessica
   682 | D:2      | Reached skill level 4 in Long Blades
   682 | D:2      | Reached XP level 4. HP: 31/31 MP: 4/4
   797 | D:2      | Noticed Sigmund
   820 | D:2      | Killed from afar by Sigmund

Levels and vault maps discovered:
D:1:      lightli_arrival_isolated_outpost, layout_rooms, nrook_mini_vaults
D:2:      layout_loops_ring, xom_butterflies, minmay_rat_gold_closets,
          uniq_sigmund, uniq_jessica

Skill      XL: |  1  2  3 |
---------------+----------+-----
Long Blades    | 3 4 |  4.4
Fighting       | |  3.0
Dodging        | |  3.0
Shields        | |  3.0

Action                   |  1- 3 |  4- 6 || total
-------------------------+-------+-------++-------
Melee: Long sword        |    37 |    14 ||    51
       Constrict         |    13 |     2 ||    15
       Tentacles         |     8 |       ||     8
  Use: Scroll            |     4 |     1 ||     5
 Stab: Sleeping          |     4 |     1 ||     5
Armor: Skin              |     4 |       ||     4
Dodge: Dodged            |    17 |     2 ||    19
Block: Shield            |    14 |     1 ||    15
       Rpst.: Long sword |     5 |       ||     5

Table legend:
 A = Non-vault XP
 B = Vault XP
 C = Vault XP percentage of total XP
 D = Non-vault monster count
 E = Vault monster count
 F = Vault count percentage of total count
                 A         B        C        D         E       F
            +---------+---------+-------+---------+---------+-------
      Total |      63 |      39 |  38.2 |      29 |       3 |   9.4
            +---------+---------+-------+---------+---------+-------
        D:1 |      50 |       0 |   0.0 |      23 |       0 |   0.0
        D:2 |      13 |      39 |  75.0 |       6 |       3 |  33.3
            +---------+---------+-------+---------+---------+-------
